 Dungeon Crawl Stone Soup version 0.22-a0-284-g99d1f74 (webtiles) character file.

5217 vishdafish the Archer (level 10, -6/84 HPs)
             Began as a Centaur Hunter on Mar 22, 2018.
             Was a Believer of Yredelemnul.
             Mangled by an ogre
             ... wielding a +0 giant spiked club
              (27 damage)
             ... on level 9 of the Dungeon.
             The game lasted 00:20:20 (9023 turns).

vishdafish the Archer (Centaur Hunter)              Turns: 9023, Time: 00:20:22

Health: -6/84      AC:  6    Str: 15    XL:     10   Next: 35%
Magic:  0/13       EV: 11    Int: 12    God:    Yredelemnul [**....]
Gold:   470        SH:  0    Dex: 11    Spells: 9/9 levels left

rFire    . . .     SeeInvis .   r - +2 hand axe (elec)
rCold    . . .     Gourm    .   (no shield)
rNeg     + . .     Faith    .   q - +1 robe {rN+}
rPois    .         Spirit   +   u - +0 helmet
rElec    .         Reflect  .   (no cloak)
rCorr    .         Harm     .   (no gloves)
MR       .....                  (no barding)
Stlth    ++........             p - amulet of guardian spirit
HPRegen  0.24/turn              w - ring of stealth
MPRegen  0.13/turn              (no ring)

@: about to teleport, very quick
A: large, hooves 3, deformed body, speed 2, tough skin 3
a: Animate Remains, Recall Undead Slaves, Injury Mirror, Renounce Religion


You were on level 9 of the Dungeon.
You worshipped Yredelemnul.
Yredelemnul was pleased with you.
You were very hungry.

You visited 2 branches of the dungeon, and saw 11 of its levels.
You also visited: Ossuary.

You collected 470 gold pieces.

Inventory:

Hand Weapons
 a - a +1 shortbow
 r - a +2 hand axe of electrocution (weapon)
Missiles
 d - 127 arrows
Armour
 c - a +0 leather armour
 q - a +1 robe of positive energy (worn)
 u - a +0 helmet (worn)
Jewellery
 p - an amulet of guardian spirit (around neck)
 w - a ring of stealth (left hand)
Wands
 v - a wand of iceblast (11)
Scrolls
 i - a scroll of magic mapping
 k - a scroll of immolation
 o - 2 scrolls of enchant armour
 s - 5 scrolls of fog
 y - a scroll of fear {unknown}
 z - 2 scrolls of remove curse
 A - a scroll of enchant weapon
 B - a scroll of random uselessness {unknown}
 C - 2 scrolls of blinking {unknown}
 D - a scroll of noise
 H - a scroll of teleportation
 L - a scroll of identify
Potions
 e - 2 potions of lignification
 g - 3 potions of mutation
 h - a potion of berserk rage
 j - 2 potions of haste {unknown}
 l - 4 potions of curing
 m - a potion of invisibility {unknown}
 n - 2 potions of flight {unknown}
 t - 2 potions of might {unknown}
 x - 6 potions of heal wounds
 E - a potion of degeneration {unknown}
 F - 2 potions of cancellation {unknown}
 G - a potion of resistance {unknown}
 I - a potion of agility
 J - a potion of ambrosia {unknown}
 K - 2 potions of brilliance {unknown}
Comestibles
 f - 13 rations


   Skills:
 - Level 6.4 Fighting
 - Level 7.4 Axes
 * Level 10.7 Bows
 - Level 4.0 Armour
 + Level 3.2 Dodging
 - Level 0.4 Stealth
 * Level 3.9 Invocations
 - Level 4.0 Evocations


You had 9 spell levels left.
You didn't know any spells.

Dungeon Overview and Level Annotations

Branches:
Dungeon (10/15)            Temple (1/1) D:4             Orc (0/2) D:9
   Lair: D:8-11

Altars:
Ashenzari
Cheibriados
Dithmenos
Elyvilon
Fedhas
Gozag
Hepliaklqana
Kikubaaqudgha
Nemelex Xobeh
Okawaru
Qazlal
Ru
Sif Muna
Trog
Uskayaw
Vehumet
Wu Jian
Yredelemnul
Zin
The Shining One

Shops:
D:10 [


Innate Abilities, Weirdness & Mutations

You have hooves in place of feet.
Armour fits poorly on your strangely shaped body.
You cover ground very quickly.
You have extremely tough skin. (AC +3)


Message History

The ogre hits you with a giant spiked club!
As you read the scroll labeled SUKEKL TAWOE, it crumbles to dust.
It is a scroll of amnesia.
You feel forgetful for a moment.
The ogre hits you with a giant spiked club!
The orc warrior hits you with a dire flail.
Unknown command.
As you read the scroll labeled DIRPHO DALOSHROA, it crumbles to dust.
You hear a loud clanging noise!
It was a scroll of noise.
You hear a shout! x3
The orc warrior hits you but does no damage.
Unknown command.
As you read the scroll labeled QUNADOELAKH, it crumbles to dust.
You feel strangely unstable.
It was a scroll of teleportation.
The orc warrior hits you with a dire flail!!
* * * LOW HITPOINT WARNING * * *
The ogre hits you with a giant spiked club!!
You die...
Your body rises from the dead as a mindless zombie.

#...........≈≈≈≈≈≈≈≈≈≈
≈≈≈≈≈≈
#.....}....≈≈≈≈≈P≈≈≈≈
≈≈≈≈≈≈
#....(<....P≈≈♣≈≈≈≈≈≈
≈≈≈≈≈≈
#..........≈≈≈≈P♣≈≈≈
≈≈≈≈≈≈
#...........♣♣≈≈≈≈P≈
≈≈≈≈≈≈
###########..♣♣≈≈≈aP
≈≈≈≈≈≈ #...#♣≈♣ ≈≈≈≈≈


#oOo# ≈≈≈≈ #.@.# ♣♣ ##### ≈P .. . You could see 2 orc warriors and an ogre
(inner flame).

Vanquished Creatures
  A two-headed ogre (D:8)
  A hippogriff (D:7)
  A water moccasin (D:7)
  Duvessa (D:7)
  3 phantoms
  2 ice beasts
  A sky beast (D:7)
  An orc warrior (D:7)
  4 ogres
  3 centaurs
  A big kobold (D:5)
  5 bullfrogs
  An elf skeleton (D:7)
  Dowan (D:7)
  A water moccasin zombie (D:6)
  9 scorpions
  3 wights (D:6)
  A howler monkey (D:5)
  A jelly (D:6)
  4 centaur zombies (Ossuary)
  A crimson imp (D:7)
  4 human zombies
  2 quasits (D:8)
  A bullfrog zombie (D:7)
  3 hounds
  8 orc wizards
  8 orc priests
  A bullfrog skeleton (D:5)
  2 centaur skeletons
  4 iguanas
  7 worker ants
  3 big kobold zombies (Ossuary)
  A hound zombie (D:5)
  2 hound skeletons
  3 mummies (Ossuary)
  A worker ant zombie (D:5)
  Robin (D:4)
  6 adders
  7 gnolls
  5 scorpion zombies (Ossuary)
  3 shadow imps
  An ooze (D:2)
  An adder skeleton (D:6)
  3 worms
  3 dart slugs
  9 leopard geckos
  36 orcs
  10 bats
  3 bat zombies (D:3)
  6 giant cockroaches
  8 hobgoblins
  10 jackals
  3 quokkas
  A ball python (D:1)
  8 frilled lizards
  A gnoll zombie (Ossuary)
  14 goblins
  2 goblin zombies (Ossuary)
  12 kobolds
  2 kobold zombies (Ossuary)
  2 orc skeletons (D:7)
  3 orc zombies
  9 rats
  2 rat zombies (D:3)
  A toadstool (D:1)
268 creatures vanquished.

Vanquished Creatures (others)
  3 toadstools (D:1)
3 creatures vanquished.

Grand Total: 271 creatures vanquished

Notes
Turn   | Place    | Note
-------+----------+-------------------------------------------
     0 | D:1      | vishdafish the Centaur Hunter began the quest for the Orb.
     0 | D:1      | Reached XP level 1. HP: 17/17 MP: 1/1
   182 | D:1      | Reached XP level 2. HP: 24/24 MP: 2/2
   373 | D:1      | Reached skill level 6 in Bows
   692 | D:2      | Reached XP level 3. HP: 29/29 MP: 3/3
   958 | D:2      | Reached XP level 4. HP: 22/37 MP: 4/4
  1211 | D:2      | Reached skill level 1 in Axes
  2114 | D:3      | Found a shadowy altar of Dithmenos.
  2261 | D:3      | Reached XP level 5. HP: 43/45 MP: 5/5
  2532 | D:3      | Reached skill level 1 in Armour
  2532 | D:3      | Reached XP level 6. HP: 43/51 MP: 6/6
  2585 | D:3      | Found a snail-covered altar of Cheibriados.
  3018 | D:3      | Found an ancient bone altar of Kikubaaqudgha.
  3634 | D:4      | Reached XP level 7. HP: 22/59 MP: 7/7
  4216 | D:4      | Found a staircase to the Ecumenical Temple.
  4240 | Temple   | Entered the Ecumenical Temple
  4508 | D:4      | Reached skill level 5 in Axes
  4588 | D:4      | Noticed Robin
  4602 | D:4      | Killed Robin
  4619 | D:4      | Found a shadowy altar of Dithmenos.
  4848 | D:5      | Entered Level 5 of the Dungeon
  4852 | D:5      | Reached XP level 8. HP: 67/67 MP: 8/8
  4900 | D:5      | Found a glowing silver altar of Zin.
  4902 | D:5      | Found a deep blue altar of Sif Muna.
  4988 | D:5      | Reached skill level 5 in Fighting
  6101 | D:6      | Found a hide-covered altar of Uskayaw.
  6103 | D:6      | Noticed a dagger
  6104 | D:6      | Noticed a hand axe
  6240 | D:6      | Reached XP level 9. HP: 75/75 MP: 9/9
  6418 | D:6      | Found a basalt altar of Yredelemnul.
  6526 | D:6      | Became a worshipper of Yredelemnul the Dark
  6654 | D:7      | Reached skill level 1 in Evocations
  6754 | D:7      | Noticed Duvessa
  6762 | D:7      | Reached skill level 7 in Bows
  6765 | D:7      | Noticed Dowan
  6807 | D:7      | Killed Duvessa
  6817 | D:7      | Killed Dowan
  6876 | D:7      | Found an opulent altar of Gozag.
  6920 | D:7      | Reached skill level 8 in Bows
  6985 | D:7      | Found a sand-covered staircase.
  6996 | D:7      | Reached * piety under Yredelemnul
  7084 | Ossuary  | Entered an ossuary
  7462 | Ossuary  | Reached skill level 9 in Bows
  7848 | Ossuary  | Reached ** piety under Yredelemnul
  8029 | D:7      | Reached skill level 1 in Invocations
  8035 | D:7      | Reached XP level 10. HP: 42/84 MP: 5/13
  8518 | D:8      | Reached skill level 10 in Bows
  8534 | D:8      | Noticed a two-headed ogre
  8564 | D:8      | Killed a two-headed ogre
  8825 | D:8      | You fall through a shaft for 2 floors!
  8825 | D:10     | Entered Level 10 of the Dungeon
  8867 | D:10     | Found Ypaitu's Armour Boutique.
  8958 | D:9      | Found a staircase to the Orcish Mines.
  9023 | D:9      | Mangled by an ogre

Vault maps used:
D:1:      ldierk_water_garden
D:3:      cheibriados_altar_1, lemuel_zombie_altar_kikubaaqudgha,
          nicolae_overflow_crystal_walls
D:4:      temple_fountains, first_ration, lemuel_statue_altar, uniq_robin
D:5:      chequers_temple_overflow_statue_of_worship
D:6:      dancing_weapons_uskayaw, lemuel_doored_altar
D:7:      grunt_gozag_breadcrumbs, nicolae_ossuary_entry_catacombs,
          grunt_ogre_cave, minivault_19, grunt_ministairs_13, minivault_23,
          kennysheep_small_circle, uniq_duvessa
D:8:      grunt_temple_overflow_champion_of_chaos
D:9:      david_orc_1_choice, serial_bayou, serial_bayou_shore_b,
          serial_bayou_lagoon_a, serial_bayou_ford_a, serial_bayou_lake_a,
          serial_bayou_shore_b, serial_bayou_crossing, minmay_nine_imps
D:10:     serial_shops, shop, evilmike_ruin_ashenzari
Temple:   nicolae_temple_x_marks_the_god
Ossuary:  ossuary_minmay_scorpions

Skill      XL: |  1  2  3  4  5  6  7  8  9 10 |
---------------+-------------------------------+-----
Bows           | 6 9 10 | 10.7
Axes           | 2 3 5 7 |  7.4
Dodging        | 2 3 |  3.2
Fighting       | 3 4 6 |  6.4
Armour         | 1 2 3 4 |  4.0
Evocations     | 4 |  4.0
Invocations    | 1 3 |  3.9
Stealth        | |  0.4

Action                   |  1- 3 |  4- 6 |  7- 9 | 10-12 || total
-------------------------+-------+-------+-------+-------++-------
Melee: Short sword       |     1 |       |       |       ||     1
       Hand axe          |    27 |    90 |   360 |    31 ||   508
       Kick              |     6 |    25 |    79 |     6 ||   116
 Fire: Shortbow          |   121 |   133 |   160 |    70 ||   484
Throw: Throwing net      |       |       |     1 |       ||     1
Invok: Animate Remains   |       |       |     1 |       ||     1
Evoke: Wand              |       |       |       |     2 ||     2
  Use: Scroll            |     1 |       |     8 |     5 ||    14
 Stab: Sleeping          |       |       |     5 |     1 ||     6
       Distracted        |       |       |     2 |       ||     2
  Eat: Chunk             |       |     4 |     4 |     2 ||    10
       Ration            |       |     1 |     2 |       ||     3
Armor: Leather armour    |    25 |    32 |       |       ||    57
       Robe              |       |    20 |   101 |    12 ||   133
Dodge: Dodged            |    50 |    91 |   153 |    27 ||   321

Table legend:
 A = Spawn XP
 B = Non-spawn XP
 C = Spawn XP percentage of total XP
 D = Spawn monster count
 E = Non-spawn monster count
 F = Spawn count percentage of total count
 G = Total turns spent on level
                    A         B        C        D         E        F      G
               +---------+---------+-------+---------+---------+-------+---------
         Total |       0 |    7454 |   0.0 |       0 |     267 |   0.0 |  9023
               +---------+---------+-------+---------+---------+-------+---------
           D:1 |       0 |      29 |   0.0 |       0 |      20 |   0.0 |   615
           D:2 |       0 |      99 |   0.0 |       0 |      34 |   0.0 |  1090
           D:3 |       0 |     492 |   0.0 |       0 |      41 |   0.0 |  1610
           D:4 |       0 |     758 |   0.0 |       0 |      40 |   0.0 |  1452
           D:5 |       0 |     978 |   0.0 |       0 |      31 |   0.0 |   984
           D:6 |       0 |     684 |   0.0 |       0 |      18 |   0.0 |   804
           D:7 |       0 |    1879 |   0.0 |       0 |      33 |   0.0 |  1030
           D:8 |       0 |    1510 |   0.0 |       0 |      14 |   0.0 |   362
           D:9 |       0 |      56 |   0.0 |       0 |       4 |   0.0 |   138
          D:10 |       0 |      37 |   0.0 |       0 |       1 |   0.0 |    60
       Ossuary |       0 |     932 |   0.0 |       0 |      31 |   0.0 |   797
               +---------+---------+-------+---------+---------+-------+---------
